 Dungeon Crawl Stone Soup version 0.24.0-1-gfbc8707122 (webtiles) character file.

Game seed: 17224709481420970396, levelgen mode: deterministic

48 Froggeryz the Cutter (level 4, -4/29 HPs)
             Began as a Kobold Chaos Knight on Oct 26, 2019.
             Was a Plaything of Xom.
             Slain by a fire crab (shapeshifter) (14 damage)
             ... on level 3 of the Dungeon.
             The game lasted 00:01:24 (1268 turns).

Froggeryz the Cutter (Kobold Chaos Knight)          Turns: 1268, Time: 00:01:24

Health: -4/29      AC:  7    Str: 10    XL:     4   Next: 0%
Magic:  4/4        EV: 13    Int: 13    God:    Xom [..*...]
Gold:   77         SH:  0    Dex: 14    Spells: 3/3 levels left

rFire    . . .     SeeInvis .   a - +0 short sword (chaos)
rCold    . . .     Gourm    .   (shield restricted)
rNeg     . . .     Faith    .   b - +2 leather armour
rPois    .         Spirit   .   (no helmet)
rElec    .         Reflect  .   g - +0 cloak
rCorr    .         Harm     .   h - +0 pair of gloves
MR       .....                  (no boots)
Stlth    +.........             (no amulet)
HPRegen  0.09/turn              (no ring)
MPRegen  0.09/turn              (no ring)

@: drained
A: small, carnivore
a: Renounce Religion


You were on level 3 of the Dungeon.
You worshipped Xom.
You were a toy of Xom.
You were not hungry.

You visited 1 branch of the dungeon, and saw 3 of its levels.

You collected 77 gold pieces.

Inventory:

Hand Weapons
 a - a +0 short sword of chaos (weapon)
Missiles
 k - 21 poisoned darts (quivered)
Armour
 b - a +2 leather armour (worn)
 g - a +0 cloak (worn)
 h - a +0 pair of gloves (worn)
Jewellery
 f - an uncursed ring of see invisible {unknown}
Wands
 i - a wand of flame (23)
Scrolls
 l - a scroll of magic mapping {unknown}
 n - 4 scrolls of enchant armour {unknown}
 p - a scroll of remove curse {unknown}
Potions
 d - a potion of ambrosia {unknown}
 e - 2 potions of lignification {unknown}
 j - 2 potions of curing {unknown}
 m - a potion of might {unknown}
 o - a potion of flight {unknown}
 q - a potion of degeneration {unknown}
Comestibles
 c - 4 rations


   Skills:
 + Level 3.9(2.8) Fighting
 * Level 5.5(4.3) Short Blades
 - Level 0.7(0.0) Armour
 - Level 2.4(1.3) Dodging


You had 3 spell levels left.
You didn't know any spells.
Your spell library was empty.

Dungeon Overview and Level Annotations

Branches:
Dungeon (3/15)

Altars:
Dithmenos


Innate Abilities, Weirdness & Mutations

You are small and have problems with some larger weapons.
You are carnivorous and can eat meat at any time.


Message History

The worm is severely wounded.
The frilled lizard barely misses you.
You hit the worm.
The worm is almost dead.
The worm barely misses you.
The frilled lizard bites you but does no damage.
You hit the worm. You burn the worm.
You kill the worm!
You have reached level 4!
The frilled lizard bites you but does no damage.
You hit the frilled lizard but do no damage.
The frilled lizard changes into a shapeshifter!
Xom is amused.
The shapeshifter changes into a fire crab!
You hit the fire crab but do no damage. You barely miss the fire crab.
The fire crab bites you!
You are engulfed in flames!
The fire crab claws you.
You are engulfed in flames!
You die...
Xom snickers!

#.........#
#....<....#
#.........#
.......(....#
##########..#
##.# #.#
#########.##
......t@...#
.........#.#
.........#.#
.........#.#
.........#.#
.........#.#
###.######.#
..


You could see a fire crab shaped shifter.

Vanquished Creatures
  An adder (D:2)
  2 worms
  A dart slug (D:2)
  3 leopard geckos (D:1)
  A giant cockroach (D:1)
  3 goblins
  3 hobgoblins
  4 kobolds
  A quokka (D:2)
  A ball python (D:1)
  2 bats (D:2)
  2 frilled lizards (D:2)
  6 rats
30 creatures vanquished.

Notes
Turn   | Place    | Note
-------+----------+-------------------------------------------
     0 | D:1      | Froggeryz the Kobold Chaos Knight began the quest for the
                  | Orb.
     0 | D:1      | Reached XP level 1. HP: 14/14 MP: 1/1
    74 | D:1      | Reached XP level 2. HP: 18/19 MP: 2/2
   628 | D:1      | XOM: divination: detect items
   714 | D:2      | Reached skill level 5 in Short Blades
   714 | D:2      | Reached XP level 3. HP: 21/24 MP: 3/3
   735 | D:2      | Found a shadowy altar of Dithmenos.
  1170 | D:2      | XOM: medium Necr miscast
  1265 | D:3      | Reached XP level 4. HP: 29/29 MP: 4/4
  1266 | D:3      | Noticed a shapeshifter
  1266 | D:3      | a frilled lizard changed into a shapeshifter
  1266 | D:3      | Noticed a fire crab
  1266 | D:3      | a shapeshifter changed into a fire crab
  1268 | D:3      | Slain by a fire crab (shapeshifter)

Levels and vault maps discovered:
D:1:      dpeg_arrival_water_temple_mockup, layout_loops_ring
D:2:      layout_loops_ring, marbit_many_paths, first_ration
D:3:      layout_rooms, minitemple, lemuel_crystal_altar, uniq_jessica

Skill      XL: |  1  2 |
---------------+-------+-----
Short Blades   | 5 |  5.5
Fighting       | |  3.9
Armour         | |  0.7
Dodging        | |  2.4

Action                   |  1- 3 |  4- 6 || total
-------------------------+-------+-------++-------
Melee: Short sword       |    96 |     3 ||    99
 Stab: Paralysed         |     2 |       ||     2
  Eat: Chunk             |     2 |       ||     2
Armor: Leather armour    |    18 |     1 ||    19
Dodge: Dodged            |    58 |       ||    58
